 Dungeon Crawl Stone Soup version 0.28-a0-224-g76b539d98b (webtiles) character file.

Game seed: 10846138944472515135

42 zdrol the Covered (level 3, -5/33 HPs)
             Began as a Minotaur Fighter on Aug 21, 2021.
             Slain by a gnoll (6 damage)
             ... on level 2 of the Dungeon.
             The game lasted 00:04:48 (1246 turns).

zdrol the Covered (Minotaur Fighter)                Turns: 1246, Time: 00:04:49

Health: -5/33      AC:  7    Str: 20    XL:     3   Next: 35%
Magic:  2/2        EV:  7    Int:  5    God:
Gold:   27         SH:  8    Dex: 10    Spells: 2/2 levels left

rFire   . . .      SeeInvis +   a - +0 long sword
rCold   . . .      Faith    .   c - +0 kite shield
rNeg    . . .      Spirit   .   b - +0 scale mail
rPois   .          Reflect  .   (helmet restricted)
rElec   .          Harm     .   (no cloak)
rCorr   .          Rampage  .   (no gloves)
Will    .....                   (no boots)
Stlth   ..........              (no amulet)
HPRegen 0.11/turn               i - ring of see invisible
MPRegen 0.08/turn               (no ring)

@: mighty
A: horns 2, retaliatory headbutt
a: no special abilities


You were on level 2 of the Dungeon.
You visited 1 branch of the dungeon, and saw 2 of its levels.

You collected 27 gold pieces.

Inventory:

Hand Weapons
 a - a +0 long sword (weapon)
Missiles
 l - 3 javelins (quivered)
Armour
 b - a +0 scale mail (worn)
 c - a +0 kite shield (worn)
Jewellery
 i - a ring of see invisible (left hand)
Scrolls
 e - 2 scrolls of identify
 g - 2 scrolls of silence {unknown}
Potions
 f - a potion of curing
 h - a potion of resistance {unknown}
 j - a potion of flight {unknown}
 k - a potion of degeneration {unknown}


   Skills:
 + Level 4.1 Fighting
 + Level 2.8 Long Blades
 + Level 4.2 Armour
 + Level 0.7 Dodging
 + Level 4.1 Shields


You had 2 spell levels left.
You didn't know any spells.
Your spell library contained the following spells:

 Spells                   Type           Power      Damage    Failure   Level
 Animate Skeleton         Necr           0%         N/A       99%         1
 Pain                     Necr           0%         1d4       99%         1
 Infestation              Necr           0%         N/A       100%        8
 Death's Door             Necr           0%         N/A       100%        9


Dungeon Overview and Level Annotations

Branches:
Dungeon (2/15)

Altars:

Shops:
D:1 [


Innate Abilities, Weirdness & Mutations

You have a pair of horns on your head.
You reflexively headbutt those who attack you in melee.


Message History

You kill the kobold!
Things that are here:
a +0 short sword; 4 stones; a kobold corpse You see here a +0 whip.
A gnoll and a kobold come into view.
The kobold shouts!
The gnoll shouts!
You hear a shout! x2
A gnoll comes into view. It is wielding a +0 spear.
Your scale mail prevents you from hitting the kobold.
The kobold barely misses you.
You closely miss the kobold. You block the kobold's attack.
You closely miss the kobold. Your headbutt misses the kobold.
You block the kobold's attack.
The kobold hits you with a +0 short sword.
The gnoll hits you from afar with a +0 spear.
You hit the kobold but do no damage.
The gnoll hits you from afar with a +0 spear.
The kobold barely misses you.
You slash the kobold!
You kill the kobold!
You block the gnoll's attack.
The gnoll hits you from afar with a +0 spear.
The gnoll barely misses you. The gnoll hits you but does no damage.
A gnoll comes into view. It is wielding a +0 spear.
Things that are here:
a +0 short sword; a kobold corpse The gnoll hits you from afar with a +0 halberd.
The gnoll barely misses you.
You riposte.
You slash the gnoll!
The gnoll is severely wounded.
The gnoll hits you with a +0 spear!
* * * LOW HITPOINT WARNING * * *
The gnoll closely misses you.
You hit the gnoll but do no damage.
The gnoll is severely wounded.
The gnoll barely misses you. The gnoll hits you with a +0 spear.
* * * LOW HITPOINT WARNING * * *
The gnoll hits you from afar with a +0 spear.
* * * LOW HITPOINT WARNING * * *
You feel very mighty all of a sudden. The gnoll barely misses you.
The gnoll hits you with a +0 spear.
You die...

..#...#...#...#...#..#
#...#...#...#...#....
..#...#...#...#...#.
#...#...#...#...#.. #
.#...#...#...#...#.#
...#...#...#...#..#
.#...#...#...#..# #
#...#...#...#..g##.#
......#...#..##.@gg#
..# #..#...######.#
.#####...##.# #
......).....#####
...###.##.........
....##.###########
...###.# ..## #.# .##
#)#


You could see 3 gnolls.

Vanquished Creatures
  3 dart slugs
  4 bats (D:1)
  3 endoplasms
  2 goblins (D:1)
  3 hobgoblins (D:1)
  2 jackals (D:2)
  2 quokkas (D:1)
  4 ball pythons
  3 frilled lizards
  4 kobolds
  5 rats
35 creatures vanquished.

Notes
Turn   | Place    | Note
-------+----------+-------------------------------------------
     0 | D:1      | zdrol the Minotaur Fighter began the quest for the Orb.
     0 | D:1      | Reached XP level 1. HP: 19/19 MP: 0/0
   228 | D:1      | Reached XP level 2. HP: 11/27 MP: 1/1
   410 | D:1      | Found Uniot's Armour Emporium.
   449 | D:1      | Got the Collected Works on Necromancy
   753 | D:1      | Reached XP level 3. HP: 33/33 MP: 2/2
  1160 | D:2      | Found a faded altar of an unknown god.
  1245 | D:2      | HP: 1/33 [gnoll (4)]
  1246 | D:2      | Slain by a gnoll

Illustrated notes

Levels and vault maps discovered:
D:1:      minmay_arrival_four_circles, layout_rooms, serial_shops,
          nicolae_shop_statue_plus
D:2:      layout_loops_ring, ebering_ecumenical_altar_sacrificial,
          minmay_misc_feat_room, grunt_ministairs_8,
          chequers_serial_rivers_small_b, chequers_serial_rivers_micro_c,
          hangedman_decor_growths, hex_large, chequers_serial_rivers_micro_a,
          minmay_box_of_dots

Skill      XL: |  1  2 |
---------------+-------+-----
Shields        | 4 |  4.1
Fighting       | 4 |  4.1
Armour         | 4 |  4.2
Long Blades    | |  2.8
Dodging        | |  0.7

Action                   || total
-------------------------++-------
Melee: Long sword        ||    74
       Headbutt          ||    11
  Use: Scroll            ||     2
       Potion            ||     1
Armor: Scale mail        ||    35
Dodge: Dodged            ||    32
Block: Kite shield       ||    31
       Rpst.: Long sword ||     9

Table legend: (Time is in decaauts)
 A = Elapsed time spent in this place.
 B = Non-inter-level travel time spent in this place.
 C = Inter-level travel time spent in this place.
 D = Time resting spent in this place.
 E = Time spent auto-exploring this place.
 F = Levels seen in this place.
 G = Mean time per level.
                   A        B        C        D        E       F      G
               +--------+--------+--------+--------+--------+-----+--------+
         Total |   1281 |   1281 |      0 |     86 |    482 |   2 |  640.5 |
       Dungeon |   1281 |   1281 |      0 |     86 |    482 |   2 |  640.5 |
               +--------+--------+--------+--------+--------+-----+--------+

Top non-repeatable levels by time:
     D:1: 913 daAuts
     D:2: 368 daAuts
